 Dungeon Crawl Stone Soup version 0.17.0-27-g4a3f43e (webtiles) character file.

144 Arkorax the Ruffian (level 5, -9/47 HPs)
             Began as a Ghoul Monk on Nov 21, 2015.
             Mangled by Potsanchik's ghost (11 damage)
             ... on level 3 of the Dungeon.
             The game lasted 00:05:19 (1789 turns).

Arkorax the Ruffian (Ghoul Monk)                    Turns: 1789, Time: 00:05:19

Health: -9/47      AC:  8    Str: 16    XL:     5   Next: 27%
Magic:  4/4        EV:  6    Int:  5    God:
Gold:   115        SH:  0    Dex: 11    Spells: 0 memorised, 4 levels left

rFire  . . .     SeeInvis .       - Unarmed
rCold  + . .     Clarity  .     g - +0 ring mail
rNeg   + + +     SustAt   .     (no shield)
rPois  ∞         Gourm    .     c - +1 helmet
rElec  .         Spirit   .     p - +0 cloak
rCorr  .         Warding  .     (no gloves)
rMut   .         Stasis   .     (no boots)
MR     .....                    (no amulet)
Stlth  +.........               (no ring)
                                e - ring of wizardry

@: rotting, not resistant to hostile enchantments, very unstealthy
A: rotting body, claws 1, carnivore 3, cold resistance 1, negative energy
resistance 3, slow regeneration 1, torment resistance, unbreathing
a: no special abilities


You were on level 3 of the Dungeon.
You were not hungry.

You visited 1 branch of the dungeon, and saw 3 of its levels.

You collected 115 gold pieces.

Inventory:

Armour
 c - a +1 helmet (worn)
 g - a +0 ring mail (worn)
 p - a +0 cloak (worn)
Jewellery
 e - a ring of wizardry (left claw)
Scrolls
 i - a scroll of amnesia {unknown}
 l - 2 scrolls of remove curse {unknown}
 m - 5 scrolls of identify {unknown}
 n - a scroll of random uselessness {unknown}
Potions
 h - a potion of degeneration {unknown}
 k - a potion of lignification {unknown}
 o - a potion of invisibility {unknown}
Comestibles
 b - a meat ration
 d - 2 slices of pizza
 f - a beef jerky


   Skills:
 + Level 4.8 Fighting
 - Level 2.6 Dodging
 - Level 2.1 Stealth
 + Level 6.0 Unarmed Combat


You had 4 spell levels left.
You didn't know any spells.

Dungeon Overview and Level Annotations

Branches:
Dungeon (3/15)

Altars:
Fedhas
Zin

Annotations:
D:3 Potsanchik's ghost, amateur SpGl; Terence


Innate Abilities, Weirdness & Mutations

Your body is rotting away.
You thrive on raw meat.
You are immune to poison.
You have sharp fingernails.
You are carnivorous and can eat meat at any time.
Your flesh is cold resistant.
You are immune to negative energy.
You regenerate slowly when monsters are visible.
You are immune to unholy pain and torment.
You can survive without breathing.


Message History

Potsanchik's ghost barely misses you. Potsanchik's ghost hits you!
* * * LOW HITPOINT WARNING * * *
Potsanchik's ghost hits you but does no damage.
Potsanchik's ghost hits you.
* * * LOW HITPOINT WARNING * * *
Potsanchik's ghost misses you.
Potsanchik's ghost hits you but does no damage.
Potsanchik's ghost wails, "Very impressive.
But it won't help.
Nothing will."
Potsanchik's ghost hits you but does no damage.
Potsanchik's ghost hits you!
* * * LOW HITPOINT WARNING * * *
Potsanchik's ghost hits you but does no damage.
Potsanchik's ghost hits you.
* * * LOW HITPOINT WARNING * * *
You see here 21 stones.
There is a stone staircase leading up here.
You see here a robe.
Potsanchik's ghost hits you!
You die...

## #...#.###.# .#
#..###.##.#####... .#
#.## ##........... .#
##.###.##.#####... .###
####..#.###..#... ...#
#........)##.#.### .#.#
#..............>.# .
.#.###.#......@##.###...#
.#.##.#.##.....W@÷.......
.....###.#...####.#######
.#..## ##.#### #.# #..##
##.# #.# .#..##
##.#######.#
.....###..........#
......#..##########
##.###.### #.# ###


You could see Terence and Potsanchik's ghost.

Vanquished Creatures
  Jessica (D:3)
  An orc priest (D:2)
  3 adders (D:2)
  2 oozes (D:1)
  3 orcs
  4 bats
  4 giant cockroaches
  5 hobgoblins
  A jackal (D:3)
  2 quokkas (D:2)
  3 ball pythons
  A giant gecko (D:1)
  2 giant newts
  10 goblins
  8 kobolds
  7 rats
57 creatures vanquished.

Notes
Turn   | Place    | Note
--------------------------------------------------------------
     0 | D:1      | Arkorax the Ghoul Monk began the quest for the Orb.
     0 | D:1      | Reached XP level 1. HP: 19/19 MP: 0/0
   143 | D:1      | Reached XP level 2. HP: 19/26 MP: 1/1
   470 | D:1      | Reached XP level 3. HP: 29/33 MP: 2/2
   571 | D:1      | Reached skill level 5 in Unarmed Combat
   932 | D:2      | Found a glowing silver altar of Zin.
  1147 | D:2      | Reached XP level 4. HP: 37/40 MP: 3/3
  1335 | D:3      | Noticed Jessica
  1521 | D:2      | Reached XP level 5. HP: 33/47 MP: 4/4
  1622 | D:3      | Killed Jessica
  1622 | D:3      | Reached skill level 6 in Unarmed Combat
  1640 | D:3      | Found a blossoming altar of Fedhas.
  1736 | D:3      | Noticed Potsanchik's ghost (amateur SpGl)
  1737 | D:3      | Noticed Terence
  1783 | D:3      | HP: 2/47 [Potsanchik's ghost (8)]
  1789 | D:3      | Mangled by Potsanchik's ghost

Action                   |  1- 3 |  4- 6 || total
-------------------------+-------+-------++-------
Melee: Unarmed           |   120 |    48 ||   168
  Use: Potion            |       |     2 ||     2
 Stab: Sleeping          |     6 |       ||     6
  Eat: Chunk             |    13 |     1 ||    14
